AoeStats
← 13645570128

Arena

509660866Analyzed
1v1 RM · 5d ago on Sep 27, 2026· 41m 3s· 2 players
Game mode
Random Map
Map size
Tiny (2 player)
Population
200
Speed
Normal
Resources
Standard
Victory
Conquest
Starting age
Dark Age
Ending age
Imperial Age
RankedLock teamsTeams togetherTeam positionsShared explorationLock speedFull tech treeHidden civsTurbo modeCheats
Victory
Defeat
🇲🇽 Teutons · Mexico
762
+15
🇭🇰 Mongols · Hong Kong SAR China
737
-33
13645570128
9:48 Feudal Age
11:12 Wheelbarrow
10:38 Double-Bit Axe
12:11 Horse Collar
12:54 Gold Mining
18:39 Stone Mining
20:53 Castle Age
23:43 Bow Saw
24:25 Gold Shaft Mining
24:33 Forging
25:09 Stone Shaft Mining
24:37 Heavy Plow
32:50 Imperial Age
30:51 Husbandry
31:59 Hand Cart
33:50 Ballistics
33:58 Bloodlines
34:29 Iron Casting
36:29 Loom
38:45 Chemistry
rooniet
5:41 Loom
10:27 Feudal Age
10:54 Double-Bit Axe
10:51 Horse Collar
12:06 Town Watch
13:45 Forging
22:19 Castle Age
21:40 Fletching
22:00 Stone Mining
23:23 Bow Saw
23:14 Heavy Plow
24:55 Wheelbarrow
24:57 Gold Mining
26:40 Bodkin Arrow
26:09 Elite Skirmisher
28:18 Iron Casting
27:43 Scale Mail Armor
29:00 Pikeman
29:40 Squires
30:24 Stone Shaft Mining
30:32 Padded Archer Armor
30:33 Scale Mail Armor
33:43 Ironclad
37:16 Imperial Age
36:58 Leather Archer Armor
36:58 Chain Mail Armor
38:22 Crenellations
39:26 Two-Man Saw
38:59 Scale Barding Armor
40:52 Chemistry
39:56 Halberdier
Connection lost

Rejoining the realm…

Still unreachable

The connection could not be restored.

Session expired

The server has moved on; the page needs a fresh start.